 Dungeon Crawl Stone Soup version 0.31.0-11-ge490571c62 (webtiles) character file.

Game seed: 16503014578021409624

47 qw the Shooter (level 3, -5/20 HPs)
             Began as a Deep Elf Hunter on Feb 3, 2024.
             Slain by Terence
             ... wielding a +8 mace of protection
              (13 damage)
             ... on level 2 of the Dungeon.
             The game lasted 00:00:03 (928 turns).

qw the Shooter (Deep Elf Hunter)                     Turns: 928, Time: 00:00:03

Health: -5/20      AC:  5    Str: 10    XL:     3   Next: 48%
Magic:  5/5        EV: 11    Int: 13    God:
Gold:   133        SH:  0    Dex: 18    Spells: 2/2 levels left

rFire   . . .        a - +1 shortbow (flame)
rCold   . . .        (shield currently unavailable)
rNeg    . . .        g - +0 ring mail
rPois   .            (no helmet)
rElec   .            (no cloak)
rCorr   .            (no gloves)
SInv    .            (no boots)
Will    .....        (no amulet)
Stlth   +            (no ring)
HPRegen 0.23/turn    (no ring)
MPRegen 0.09/turn

%: no passive effects
@: no status effects
A: no striking features
a: no special abilities


You were on level 2 of the Dungeon.
You visited 1 branch of the dungeon, and saw 2 of its levels.

You collected 133 gold pieces.


   Skills:
 - Level 1.5 Fighting
 + Level 7.0 Ranged Weapons
 - Level 2.4 Dodging
 - Level 1.2 Stealth


You had 2 spell levels left.
You didn't know any spells.
Your spell library was empty.

Inventory:

Hand Weapons
 a - a +1 shortbow of flaming (weapon)
Armour
 b - a +0 helmet
 g - a +0 ring mail (worn)
Potions
 c - 2 potions of ambrosia {unknown}
 d - a potion of curing {unknown}
 f - a potion of enlightenment {unknown}

Dungeon Overview and Level Annotations

Branches:
Dungeon (2/15)

Altars:
Gozag

Annotations:
D:2 Terence


Message History

c - 2 sedimented inky potions
d - a gluggy clear potion You now have 133 gold pieces (gained 12).
Found 3 poisoned darts.
A rat comes into view.
You shoot an arrow. The arrow closely misses the rat.
You shoot an arrow. The arrow hits the rat.
The arrow burns the rat.
You kill the rat!
Terence the Incautious comes into view.
He is wielding a +8 mace of protection.
You shoot an arrow. The arrow hits Terence.
The arrow burns Terence.
Terence shouts!
Terence is lightly wounded.
You shoot an arrow. The arrow hits Terence.
The arrow burns Terence.
Terence is moderately wounded.
You shoot an arrow.
The arrow hits Terence but does no damage.
Terence is moderately wounded.
You shoot an arrow.
The arrow hits Terence but does no damage.
Terence is moderately wounded.
You shoot an arrow.
The arrow hits Terence but does no damage.
Terence is moderately wounded.
You shoot an arrow. The arrow hits Terence.
The arrow burns Terence.
Terence is heavily wounded.
Terence hits you with a +8 mace of protection!
You shoot an arrow.
The arrow hits Terence but does no damage.
Terence is heavily wounded.
Terence barely misses you.
A frilled lizard comes into view.
You shoot an arrow. The frilled lizard hisses angrily.
The arrow hits Terence but does no damage.
Terence is heavily wounded.
Terence hits you with a +8 mace of protection.
Terence hits you with a +8 mace of protection!
Ouch! That really hurt!
You die...
Terence says, "That felt goooood."

###.._..##.##
#....###.........#
###%....##.........#
####.......##.........#
#..........##.........#
#..........##.........##
#..(.......##..........#
#..........## ####.....#
.l.$..@@....######.....#
.###.............#.....#
#############........
##....... #.......
#....... #.......
##...... #......


You could see Terence and a frilled lizard.

Vanquished Creatures
  Robin (D:2)
  4 endoplasms
  A giant cockroach (D:1)
  11 goblins
  4 hobgoblins
  2 kobolds (D:1)
  2 quokkas (D:1)
  A ball python (D:1)
  2 frilled lizards (D:1)
  2 rats
30 creatures vanquished.

Notes
Turn   | Place    | Note
-------+----------+-------------------------------------------
     0 | D:1      | qw the Deep Elf Hunter began the quest for the Orb.
     0 | D:1      | Reached XP level 1. HP: 12/12 MP: 3/3
     0 | D:1      | 0 ||| qw: Version: 0.3-a-158-g18b3111
     0 | D:1      | 0 ||| qw: Game counter: 4169
     0 | D:1      | 0 ||| qw: Melee chars always use a shield: true
     0 | D:1      | 0 ||| qw: God list: Okawaru
     0 | D:1      | 0 ||| qw: Allow faded altars: false
     0 | D:1      | 0 ||| qw: Do Orc after clearing Dungeon:15 true
     0 | D:1      | 0 ||| qw: Do second Lair branch before Depths: true
     0 | D:1      | 0 ||| qw: Lair rune preference: random
     0 | D:1      | 0 ||| qw: Goals: Normal
     0 | D:1      | 0 ||| PLANNING D:1-11
   190 | D:1      | Reached skill level 6 in Ranged Weapons
   190 | D:1      | Reached XP level 2. HP: 16/16 MP: 4/4
   679 | D:1      | 679 ||| UPGRADING to +0 ring mail.
   689 | D:1      | 689 ||| DROPPING +0 leather armour.
   690 | D:1      | 690 ||| READING scroll labelled DOJU FATWUXYCI.
   690 | D:1      | 690 ||| ENCHANTING +0 shortbow.
   691 | D:1      | 691 ||| READING scroll labelled GEDDASOYKK.
   692 | D:1      | 692 ||| READING scroll labelled BYXZYU CUSUVAK.
   693 | D:1      | 693 ||| READING scroll labelled PYPPI NUGHUE.
   693 | D:1      | 693 ||| BRANDING +1 shortbow.
   694 | D:1      | 694 ||| DROPPING scroll of butterflies.
   737 | D:2      | Found an opulent altar of Gozag.
   756 | D:2      | 756 ||| RETREEEEATING.
   763 | D:2      | Reached XP level 3. HP: 20/20 MP: 5/5
   766 | D:2      | Noticed Robin
   774 | D:2      | Killed Robin
   775 | D:2      | Reached skill level 7 in Ranged Weapons
   920 | D:2      | Noticed Terence
   928 | D:2      | Slain by Terence

Levels and vault maps discovered:
D:1:      matt_arrival_diagonals, layout_basic
D:2:      layout_basic, basic_altar, uniq_terence, uniq_robin

Skill      XL: |  1  2  3 |
---------------+----------+-----
Ranged Weapons | 6 7 |  7.0
Fighting       | |  1.5
Dodging        | |  2.4
Stealth        | |  1.2

Action                     || total
---------------------------++-------
   Fire: Shortbow          ||    67
    Use: Scroll            ||     4
 Armour: Ring mail         ||     6
  Dodge: Dodged            ||     5

Table legend:
 A = Non-vault XP
 B = Vault XP
 C = Vault XP percentage of total XP
 D = Non-vault monster count
 E = Vault monster count
 F = Vault count percentage of total count
                 A         B        C        D         E       F
            +---------+---------+-------+---------+---------+-------
      Total |      31 |      37 |  54.4 |      18 |      12 |  40.0
            +---------+---------+-------+---------+---------+-------
        D:1 |      28 |       0 |   0.0 |      16 |       0 |   0.0
        D:2 |       3 |      37 |  92.5 |       2 |      12 |  85.7
            +---------+---------+-------+---------+---------+-------
